 Dungeon Crawl Stone Soup version bcrawl-1.28.4 (webtiles) character file.

Game seed: 14255633968347141723

68665 Cherrik the Grave Robber (level 1, 0/13 (14) HPs)
             Began as a Ghoul Necromancer on Jan 9, 2021.
             Slain by a kobold
             ... wielding a +0 club
              (6 damage)
             ... on level 1 of the Dungeon.
             The game lasted 00:06:35 (466 turns).

Cherrik the Grave Robber (Ghoul Necromancer)         Turns: 466, Time: 00:06:35

HP:   0/13 (14)     AC:  2    Str: 11    XL:     1   Next: 90%
MP:   2/2           EV: 12    Int: 10    God:
Gold: 57            SH:  0    Dex:  9    Spells: 1/3 levels left

rFire    . . .     SeeInvis .   a - +1 dagger
rCold    + . .     Gourm    .   (no shield)
rNeg     + + +     Faith    .   b - +0 robe
rPois    ∞         Spirit   .   (no helmet)
rElec    .         Reflect  .   (no cloak)
rCorr    .         Harm     .   (no gloves)
MR       .....                  (no boots)
Stlth    ++........             (no amulet)
HPRegen  0.00/turn              (no ring)
MPRegen  0.08/turn              (no ring)

@: rotting
A: rotting body, claws 1, carnivore, cold resistance 1, negative energy
resistance 3, inhibited regeneration, torment resistance, unbreathing
a: no special abilities


You were on level 1 of the Dungeon.
You were not hungry.

You visited 1 branch of the dungeon, and saw 1 of its levels.

You collected 57 gold pieces.

Inventory:

Hand Weapons
 a - a +1 dagger (weapon)
Armour
 b - a +0 robe (worn)
 c - a +0 leather armour
Scrolls
 f - a scroll of fear {unknown}
 h - a scroll of identify
Potions
 e - a potion of might {unknown}
 g - 2 potions of brilliance {unknown}
Comestibles
 d - a chunk of flesh


   Skills:
 + Level 1.8 Dodging
 + Level 2.4 Stealth
 + Level 1.8 Spellcasting
 + Level 6.2 Necromancy


You had one spell level left.
You knew the following spells:

 Your Spells              Type           Power        Failure   Level  Hunger
a - Animate Skeleton      Necr           N/A          2%          1    None
b - Pain                  Necr           ##....       2%          1    None

Your spell library contained the following spells:

 Spells                   Type           Power        Failure   Level  Hunger
 Vampiric Draining        Necr           ##........   8%          3    ####...
 Agony                    Necr           ##......     24%         4    ######.
 Animate Dead             Necr           N/A          24%         4    ######.
 Dispel Undead            Necr           ##......     56%         5    #######


Dungeon Overview and Level Annotations

Branches:
Dungeon (1/12)

Altars:


Innate Abilities, Weirdness & Mutations

Your body is rotting away.
You thrive on raw meat.
You are immune to poison.
You have sharp fingernails.
You are carnivorous and can eat meat at any time.
Your flesh is cold resistant. (rC+)
You are immune to negative energy. (rN+++)
You do not regenerate when monsters are visible.
You are immune to unholy pain and torment.
You can survive without breathing.


Message History

The kobold shouts!
The kobold throws a stone.
The stone barely misses you.
The stone hits your bat skeleton but does no damage.
The kobold throws a stone.
The stone barely misses you. The stone hits your bat skeleton.
The kobold throws a stone.
The stone closely misses you. The stone hits your bat skeleton.
Your bat skeleton is destroyed!
You feel your flesh rotting away.
The kobold throws a stone.
The stone barely misses you. The kobold hits you with a +0 club.
You hit the kobold.
The kobold is moderately wounded.
The kobold hits you with a +0 club.
You closely miss the kobold.
The kobold is moderately wounded.
You hit the kobold.
The kobold is severely wounded.
The kobold hits you with a +0 club.
You die...

### #.. #.#
#.# #K# #@#
# #.####.#
#.#....#
#.#.####
#.#.# #.#>#
#.#.#
#.#.#######
#..........


You could see a kobold.

Vanquished Creatures
  A bat (D:1)
  A giant cockroach (D:1)
  A goblin (D:1)
  A kobold (D:1)
4 creatures vanquished.

Vanquished Creatures (collateral kills)
  A bat (D:1)
  A kobold (D:1)
2 creatures vanquished.

Grand Total: 6 creatures vanquished

Notes
Turn   | Place    | Note
-------+----------+-------------------------------------------
     0 | D:1      | Cherrik the Ghoul Necromancer began the quest for the Orb.
     0 | D:1      | Reached XP level 1. HP: 14/14 MP: 2/2
   229 | D:1      | Reached skill level 6 in Necromancy
   466 | D:1      | Slain by a kobold

Skill      XL: |  1 |
---------------+----+-----
Necromancy     | 6 |  6.2
Dodging        | |  1.8
Stealth        | |  2.4
Spellcasting   | |  1.8

Action                   || total
-------------------------++-------
Melee: Dagger            ||    12
 Cast: Pain              ||     5
       Animate Skeleton  ||     1
Armor: Robe              ||     6
Dodge: Dodged            ||    19
